 Dungeon Crawl Stone Soup version 0.28.0-53-g5a82cb258f (webtiles) character file.

Game seed: 17327647271485625112

166 unlimited1921 the Magician (level 5, -4/38 HPs)
             Began as a Djinni Fire Elementalist on June 4, 2022.
             Killed by divine providence
             ... invoked by an orc priest
              (13 damage)
             ... on level 3 of the Dungeon.
             The game lasted 00:12:10 (4173 turns).

unlimited1921 the Magician (DjFE)                   Turns: 4173, Time: 00:12:10

Health: -4/38      AC:  7    Str:  7    XL:     5   Next: 76%
Gold:   104        EV: 12    Int: 19    God:
                   SH:  0    Dex: 13

rFire   + + .      SeeInvis .   n - +4 quarterstaff (chaos)
rCold   x . .      Faith    .   (shield currently unavailable)
rNeg    . . .      Spirit   .   a - +0 robe
rPois   ∞          Reflect  .   m - +2 hat
rElec   .          Harm     .   o - +2 cloak
rCorr   .          Rampage  .   (no gloves)
Will    .....                   (boots unavailable)
Stlth   ++........              (no amulet)
HPRegen 0.12/turn               (no ring)
MPRegen 0.00/turn               (no ring)

@: flying, very slightly contaminated
A: sickness immunity, fire resistance 2, cold vulnerability 1, float, innate
caster, HP casting, extra vitality 1
a: no special abilities


You were on level 3 of the Dungeon.
You visited 1 branch of the dungeon, and saw 3 of its levels.

You collected 104 gold pieces.

Inventory:

Hand Weapons
 h - a +0 short sword
 l - a +0 morningstar
 n - a +4 quarterstaff of chaos (weapon)
Missiles
 d - 88 stones
 i - 4 boomerangs
 q - 7 poisoned darts
Armour
 a - a +0 robe (worn)
 m - a +2 hat (worn)
 o - a +2 cloak (worn)
Wands
 j - a wand of flame (17) (quivered)
Scrolls
 b - a scroll of identify {unknown}
 c - 2 scrolls of enchant armour {unknown}
 g - a scroll of immolation {unknown}
 k - a scroll of amnesia {unknown}
 p - a scroll of noise {unknown}
Potions
 e - a potion of curing {unknown}
 f - a potion of mutation {unknown}


   Skills:
 * Level 1.8 Fighting
 + Level 2.4 Dodging
 + Level 2.0 Stealth
 + Level 4.1 Spellcasting


You couldn't memorise any spells.
You knew the following spells:

 Your Spells              Type           Power      Damage    Failure   Level
a - Foxfire               Conj/Fire      76%        2x1d7     2%          1
b - Scorch                Fire           38%        2d7       3%          2
c - Conjure Flame         Conj/Fire      19%        6-21      8%          3
d - Inner Flame           Hex/Fire       19%        N/A       8%          3
e - Flame Wave            Conj/Fire      19%        2d6       26%         4
f - Beastly Appendage     Tmut           38%        N/A       2%          1
g - Static Discharge      Conj/Air       19%        N/A       3%          2
Your spell library was empty.

Dungeon Overview and Level Annotations

Branches:
Dungeon (3/15)

Altars:

Shops:
D:3 *


Innate Abilities, Weirdness & Mutations

You are immune to sickness and miasma.
You are immune to poison.
Your flesh is very heat resistant. (rF++)
You are vulnerable to cold. (rC-)
You float through the air rather than walking.
You learn spells naturally, not from books.
Your magical power is your life essence.
You have superior vitality. (+4 MHP)


Message History

Press: ? - help, Dir - move target, f - orc priest
Aim: an orc priest, wielding a +0 whip and wearing a +0 ring mail (moderately wounded, ally target, chance to affect: 73%)
You miscast Inner Flame.
Nothing appears to happen.
The foxfire hits the orc priest but does no damage.
The orc priest is moderately wounded.
The foxfire hits the orc priest.
The orc priest is heavily wounded.
The orc priest invokes the aid of Beogh against you.
Beogh smites you!
The foxfire hits the orc priest.
The orc priest is severely wounded.
Casting: Inner Flame (dangerous; 9% risk of failure)
Confirm with . or Enter, or press ? or * to list all spells.
Aiming: Inner Flame (dangerous; 9% risk of failure)
Press: ? - help, Dir - move target, f/p - orc priest
Aim: an orc priest, wielding a +0 whip and wearing a +0 ring mail (severely wounded, chance to affect: 73%)
The orc priest is filled with an inner flame.
* * * LOW HITPOINT WARNING * * *
The orc priest begins to cast a cantrip, but forgets the words!
Casting: Inner Flame (dangerous; 9% risk of failure)
Confirm with . or Enter, or press ? or * to list all spells.
You conjure some foxfire!
* * * LOW HITPOINT WARNING * * *
The foxfire hits the orc priest.
Flame seeps out of the orc priest.
The orc priest is almost dead.
The foxfire hits the orc priest.
Flame seeps out of the orc priest.
The orc priest is almost dead.
The orc priest is engulfed in blazing flames.
The orc priest explodes!
The fiery explosion engulfs the orc!!
You kill the orc!
An orc priest comes into view. It is wielding a +0 short sword.
Your Spellcasting skill increases to level 4!
Casting: Foxfire (safe; 2% risk of failure)
Confirm with . or Enter, or press ? or * to list all spells.
You conjure some foxfire!
The orc priest shouts!
* * * LOW HITPOINT WARNING * * *
The orc priest invokes the aid of Beogh against you.
Beogh smites you!
You die...

.. .∩..# #. ......
#)# ....#. # #)§
........
#o##○§###...##.#..
#...§§$#.......#..
##...§..............
##....§§..........#..
#......§@v...†......#
#........v...)......#
#................#
#...............#...
##..)........)..≈...#
#...................#
####............≈≈≈..
#.#........##...≈.≈..
#...##..........≈.≈..


You could see an orc priest (ally target).

Vanquished Creatures
  An orc priest (D:3)
  Crazy Yiuf (D:2)
  Robin (D:2)
  3 adders (D:2)
  A worm (D:2)
  A dart slug (D:2)
  2 orcs (D:3)
  4 bats
  9 endoplasms
  3 giant cockroaches
  9 goblins
  9 hobgoblins
  2 quokkas
  2 ball pythons
  2 frilled lizards
  7 kobolds
  3 rats
60 creatures vanquished.

Vanquished Creatures (others)
  168 foxfires
168 creatures vanquished.

Grand Total: 228 creatures vanquished

Notes
Turn   | Place    | Note
-------+----------+-------------------------------------------
     0 | D:1      | unlimited1921 the Djinni Fire Elementalist began the quest
                  | for the Orb.
     0 | D:1      | Reached XP level 1. HP: 15/15 MP: 0/0
   277 | D:1      | Reached XP level 2. HP: 15/21 MP: 0/0
   979 | D:1      | Reached skill level 3 in Spellcasting
  1272 | D:1      | Reached XP level 3. HP: 23/25 MP: 0/0
  1272 | D:1      | Learned a level 1 spell: Beastly Appendage
  1646 | D:2      | Found a faded altar of an unknown god.
  1860 | D:2      | Reached XP level 4. HP: 28/31 MP: 0/0
  1907 | D:2      | Reached skill level 1 in Fighting
  2356 | D:2      | Noticed Robin
  2361 | D:2      | Killed Robin
  3366 | D:2      | Reached XP level 5. HP: 34/37 MP: 0/0
  3366 | D:2      | Learned a level 2 spell: Static Discharge
  3539 | D:2      | Found a runed translucent door.
  3540 | D:2      | Noticed Crazy Yiuf
  3548 | D:2      | Killed Crazy Yiuf
  4159 | D:3      | Found Yjuesh's General Store.
  4173 | D:3      | Reached skill level 4 in Spellcasting
  4173 | D:3      | Killed from afar by an orc priest

Illustrated notes

Levels and vault maps discovered:
D:1:      saegor_arrival_simple_d, layout_rooms
D:2:      layout_rooms, hellmonk_ecumenical_altar_run_dry,
          palyth_stone_intersect, minivault_19, chequers_serial_rivers_room_b,
          chequers_hall_statues_corner_a, uniq_robin, uniq_crazy_yiuf_cottage
D:3:      layout_rooms, serial_shops, shop, nicolae_shop_trees, serial_rivers,
          chequers_serial_rivers_small_b, chequers_serial_rivers_micro_c,
          chequers_serial_rivers_large_b, chequers_serial_rivers_micro_d,
          st_stairs_9, kennysheep_generic_room_15

Skill      XL: |  1  2  3  4  5 |
---------------+----------------+-----
Spellcasting   | 3 4 |  4.1
Fighting       | 1 |  1.8
Stealth        | 2 |  2.0
Dodging        | |  2.4

Action                   |  1- 3 |  4- 6 || total
-------------------------+-------+-------++-------
Melee: Dagger            |       |     1 ||     1
 Cast: Foxfire           |    62 |    38 ||   100
       Scorch            |       |    23 ||    23
       Inner Flame       |       |     2 ||     2
       Static Discharge  |       |     1 ||     1
Armor: Robe              |     1 |     1 ||     2
Dodge: Dodged            |       |     6 ||     6
